 Dungeon Crawl Stone Soup version 0.30.1-4-g462c640d31 (webtiles) character file.

Game seed: 7357086097776055849

112 booth the Chopper (level 4, -6/34 HPs)
             Began as a Demonspawn Gladiator on Aug 20, 2023.
             Mangled by Crazy Yiuf
             ... wielding a +3 quarterstaff of chaos
              (8 damage)
             ... on level 2 of the Dungeon.
             The game lasted 00:11:51 (1803 turns).

booth the Chopper (Demonspawn Gladiator)            Turns: 1803, Time: 00:11:52

Health: -6/34      AC:  3    Str: 17    XL:     4   Next: 64%
Magic:  5/5        EV: 12    Int:  9    God:
Gold:   99         SH:  0    Dex: 14    Spells: 5/5 levels left

rFire   + . .        a - +0 war axe
rCold   + . .        (no shield)
rNeg    . . .        b - +0 leather armour
rPois   +            (helmet restricted)
rElec   +            (no cloak)
rCorr   +            (no gloves)
SInv    .            (no boots)
Will    .....        (no amulet)
Stlth   +            (no ring)
HPRegen 0.25/turn    (no ring)
MPRegen 0.18/turn

%: no passive effects
@: resistant
A: antennae 1, powered by death 1, magic regeneration
a: no special abilities


You were on level 2 of the Dungeon.
You visited 1 branch of the dungeon, and saw 2 of its levels.

You collected 99 gold pieces.

Inventory:

Hand Weapons
 a - a +0 war axe (weapon)
 j - a +6 broad axe of venom
Missiles
 d - 3 throwing nets (quivered)
 e - a javelin
Armour
 b - a +0 leather armour (worn)
 l - a +1 ring mail of fire resistance
Wands
 m - a wand of polymorph (5)
Scrolls
 h - a scroll of blinking {unknown}
 n - a scroll of vulnerability {unknown}
 o - 2 scrolls of identify {unknown}
 p - a scroll of torment {unknown}
 r - a scroll of teleportation {unknown}
Potions
 c - a potion of might {unknown}
 f - 2 potions of haste {unknown}
 g - a potion of curing {unknown}


   Skills:
 + Level 2.7 Fighting
 * Level 3.5 Axes
 + Level 2.4 Throwing
 + Level 3.2 Dodging
 + Level 1.0 Spellcasting


You had 5 spell levels left.
You didn't know any spells.
Your spell library contained the following spells:

 Spells                   Type           Power      Damage    Failure   Level
 Apportation              Tloc           0%         N/A       41%         1
 Necrotise                Necr           0%         1d4       41%         1
 Sandblast                Erth           0%         2d4       41%         1
 Sting                    Tmut/Pois      0%         1d3       41%         1
 Summon Small Mammal      Summ           0%         N/A       41%         1
 Passwall                 Tmut/Erth      0%         N/A       56%         2
 Poisonous Vapours        Pois/Air       0%         N/A       56%         2
 Stone Arrow              Conj/Erth      0%         3d7       80%         3
 Olgreb's Toxic Radiance  Pois           0%         N/A       99%         4


Dungeon Overview and Level Annotations

Branches:
Dungeon (2/15)

Altars:
Uskayaw

Annotations:
D:2 Crazy Yiuf


Innate Abilities, Weirdness & Mutations

You have a pair of small antennae on your head.
You regenerate a little health from kills.
You regenerate magic rapidly.


Message History

You open the door.
There is an open door here.
You see here a staff of conjuration.
You see here a +0 club.
You see here a +0 club.
There is an open door here.
Crazy Yiuf shouts!
As you open the door, it creaks loudly! Crazy Yiuf barely misses you.
There is an open translucent door here.
You closely miss Crazy Yiuf.
Crazy Yiuf whimpers, "Proton!
Cod foot koolooloo."
Crazy Yiuf hits you with a +3 quarterstaff of chaos!
You feel protected.
You hit Crazy Yiuf.
Crazy Yiuf is lightly wounded.
Crazy Yiuf zaps a wand.
The puff of flame misses you.
Crazy Yiuf zaps a wand.
The puff of flame hits you. You resist.
You hit Crazy Yiuf.
Crazy Yiuf is heavily wounded.
Crazy Yiuf says, "Ice arm song!"
Crazy Yiuf completely misses you.
You hit Crazy Yiuf but do no damage.
Crazy Yiuf is heavily wounded.
Crazy Yiuf closely misses you.
You closely miss Crazy Yiuf.
Crazy Yiuf is heavily wounded.
Crazy Yiuf hits you with a +3 quarterstaff of chaos!
Crazy Yiuf hits you with a +3 quarterstaff of chaos.
* * * LOW HITPOINT WARNING * * *
It was a potion of magic.
Magic courses through your body.
Crazy Yiuf zaps a wand.
The puff of flame hits you. You resist.
* * * LOW HITPOINT WARNING * * *
You slash Crazy Yiuf!
Crazy Yiuf is almost dead.
Crazy Yiuf closely misses you.
You barely miss Crazy Yiuf.
Crazy Yiuf is almost dead.
Crazy Yiuf hits you with a +3 quarterstaff of chaos!
You die...

########## #........# ########.#
#.#### ##### ##♣♣♣♣♣ #####.#..#
....####...♣.♣♣♣ #### #..##.#..#
.....#......♣..♣#...# ##.##.#..#
...........♣♣♣♣.@g..# #.##.#..#
....##.#..♣♣ ♣♣#..)# #.##.#..#
(...#####♣♣ #### #.##.#..## ....#
#.##.#<..# ....#### #.##..#.##
.†).'..#################.##.....#
....###.##.........#.#.#.##..####
....# #.##.........#.#.#.##.....#
##### #.##^........#.#.#.###.#.##


You could see Crazy Yiuf.

Vanquished Creatures
  Natasha (twice) (D:2)
  An adder (D:2)
  2 worms (D:2)
  A dart slug (D:1)
  5 endoplasms
  4 giant cockroaches
  3 goblins (D:1)
  3 hobgoblins
  5 kobolds
  2 quokkas (D:1)
  5 ball pythons
  3 bats (D:1)
  5 frilled lizards
  6 rats
47 creatures vanquished.

Notes
Turn   | Place    | Note
-------+----------+-------------------------------------------
     0 | D:1      | booth the Demonspawn Gladiator began the quest for the Orb.
     0 | D:1      | Reached XP level 1. HP: 16/16 MP: 1/1
   133 | D:1      | Gained mutation: You regenerate a little health from kills.
                  | [demonic ancestry]
   133 | D:1      | Reached XP level 2. HP: 22/22 MP: 2/2
   796 | D:1      | Identified a scroll of acquirement
   796 | D:1      | Acquired a +4 broad axe of venom
   880 | D:2      | Gained mutation: You regenerate magic rapidly. [demonic
                  | ancestry]
   880 | D:2      | Reached XP level 3. HP: 24/25 MP: 3/3
  1147 | D:2      | Found a hide-covered altar of Uskayaw.
  1217 | D:2      | Noticed Natasha
  1225 | D:2      | Killed Natasha
  1226 | D:2      | Discovered your monstrous ancestry.
  1226 | D:2      | Gained mutation: You have a pair of small antennae on your
                  | head. [demonic ancestry]
  1226 | D:2      | Reached XP level 4. HP: 29/34 MP: 3/5
  1588 | D:2      | Noticed Natasha
  1606 | D:2      | Killed Natasha
  1607 | D:2      | Reached skill level 1 in Spellcasting
  1636 | D:2      | Found a runed translucent door.
  1637 | D:2      | Noticed Crazy Yiuf
  1801 | D:2      | HP: 1/34 [Crazy Yiuf/puff of flame (5)]
  1803 | D:2      | Mangled by Crazy Yiuf

Illustrated notes

Levels and vault maps discovered:
D:1:      lightli_arrival_lavapool, layout_basic
D:2:      layout_basic, basic_altar, minivault_23, uniq_natasha,
          uniq_crazy_yiuf_cottage

Skill      XL: |  1  2  3  4 |
---------------+-------------+-----
Throwing       | 2 |  2.4
Axes           | 3 |  3.5
Dodging        | 3 |  3.2
Spellcasting   | 1 |  1.0
Fighting       | |  2.7

Action                     |  1- 3 |  4- 6 || total
---------------------------+-------+-------++-------
  Melee: War axe           |    83 |    30 ||   113
         Broad axe         |    21 |       ||    21
         Unarmed           |       |     8 ||     8
    Use: Scroll            |     4 |       ||     4
         Potion            |       |     2 ||     2
   Stab: Sleeping          |     2 |       ||     2
 Armour: Leather armour    |    30 |     3 ||    33
         Skin              |       |     1 ||     1
  Dodge: Dodged            |    64 |    26 ||    90
